Map: Acid Plant LE

Players

TRUE - Winner!

  • Race: Zerg Zerg
  • Spawn Location: 11:00

LiquidTLO (TLO)

  • Race: Zerg Zerg
  • Spawn Location: 5:00

Event: WCS Leipzig 2018

VOD

Have the link to the VOD?

Description

Time

  • Played on: Jan. 26, 2018, 2:48 p.m.
  • Length: 14:50

All games in this series

Show
View Real Time Build Order
Export as new Build Order

TRUE Zerg - Winner!

Build Orders: Hatch First, Muta Ling Bane 

Get SALT Encoding   

  12  0:00  Drone  
  13  0:14  Overlord  
  13  0:17  Drone  
  14  0:33  Drone x2  
  16  0:37  Drone  
  17  0:52  Hatchery  
  17  0:54  Drone  
  17  1:01  Extractor  
  16  1:11  Spawning Pool  
  16  1:13  Drone  
  16  1:17  Drone  
  17  1:20  Drone  
  18  1:30  Drone  
  19  1:41  Drone  
  20  1:51  Drone  
  21  2:02  Overlord  
  21  2:03  Queen x2  
  21  2:06  Metabolic Boost  
  25  2:10  Drone  
  25  2:14  Drone  
  27  2:16  Drone  
  28  2:23  Zergling x2  
  28  2:26  Drone  
  30  2:34  Drone  
  31  2:44  Hatchery  
  31  2:47  Baneling Nest  
  31  2:49  Zergling x2  
  30  2:51  Drone  
  31  2:58  Lair  
  31  3:02  Extractor  
  31  3:03  Drone  
  31  3:06  Drone  
  31  3:10  Zergling x2  
  33  3:18  Overlord  
  33  3:19  Drone x2  
  35  3:21  Drone  
  36  3:37  Drone x5  
  41  3:45  Drone x3  
  44  3:52  Extractor  
  44  3:53  Overlord  
  43  3:57  Spire  
  43  4:02  Queen  
  44  4:03  Drone  
  45  4:12  Drone x2  
  45  4:14  Drone x3  
  50  4:18  Drone x3  
  50  4:21  Extractor  
  50  4:23  Drone x2  
  53  4:25  Drone  
  53  4:28  Drone  
  55  4:32  Drone  
  55  4:33  Drone  
  55  4:37  Overlord  
  57  4:39  Overlord  
  57  4:42  Overlord  
  57  4:48  Overlord  
  57  4:49  Extractor  
  57  4:50  Overlord  
  56  4:54  Baneling x2  
  56  4:57  Drone x2  
  56  4:58  Drone x3  
  61  5:00  Zergling x2  
  61  5:02  Extractor  
  61  5:08  Mutalisk x2  
  61  5:09  Mutalisk  
  61  5:12  Mutalisk  
  69  5:16  Mutalisk  
  69  5:18  Mutalisk  
  73  5:21  Mutalisk  
  73  5:28  Drone x3  
  78  5:31  Mutalisk  
  78  5:34  Mutalisk  
  82  5:40  Drone x4  
  82  5:41  Drone  
  87  5:42  Overseer  
  87  5:45  Mutalisk  
  89  5:54  Drone x3, Centrifical Hooks  
  90  6:13  Drone  
  90  6:14  Drone x4  
  95  6:20  Drone x2  
  95  6:21  Overlord x2  
  96  6:32  Zergling x2  
  97  6:34  Overlord  
  97  6:37  Overlord  
  97  6:39  Overlord  
  97  6:40  Zergling x4  
  97  6:41  Zergling x18  
  108  6:52  Overlord  
  108  6:54  Zergling x4  
  108  6:55  Zergling x8  
  108  6:58  Hatchery  
  113  7:06  Zergling x4  
  113  7:08  Zergling x10  
  120  7:13  Zergling x2  
  121  7:27  Overlord  
  121  7:28  Baneling x9  
  121  7:29  Baneling x25  
  121  7:31  Zergling x14  
  121  7:35  Zergling x2  
  129  7:37  Unknown  
  129  7:42  Zergling x2  
  129  7:43  Zergling x4  
  132  7:44  Zergling x2  
  132  7:45  Zergling x4  
  132  7:46  Zergling x2  
  132  7:47  Zergling x4  
  138  7:55  Zergling x2  
  138  7:56  Zergling x4  
  138  8:02  Baneling  
  138  8:03  Baneling x20  
  138  8:05  Zergling x8  
  141  8:07  Zergling x2  
  142  8:18  Zergling x16  
  142  8:19  Zergling x2  
  140  8:21  Zergling x4  
  135  8:29  Mutalisk  
  135  8:32  Mutalisk  
  135  8:33  Mutalisk x2  
  119  8:37  Mutalisk  
  119  8:40  Mutalisk  
  116  8:45  Zerg Flyer Weapons Level 1  
  116  8:47  Evolution Chamber  
  115  8:50  Mutalisk x3  
  115  8:52  Zergling x2  
  122  8:56  Drone x3  
  124  9:10  Baneling x13  
  124  9:17  Zerg Melee Weapons Level 1  
  124  9:21  Zergling x22  
  124  9:23  Extractor, Queen  
  136  9:25  Hatchery  
  136  9:29  Drone x3  
  136  9:31  Mutalisk, Extractor  
  139  9:39  Zergling x6  
  135  9:54  Drone  
  135  9:58  Mutalisk x3  
  142  10:00  Baneling x7  
  142  10:01  Baneling x11, Mutalisk  
  142  10:02  Mutalisk  
  147  10:07  Zergling x8  
  147  10:09  Zergling x4  
  147  10:12  Unknown, Overlord  
  152  10:15  Overlord  
  152  10:17  Overlord  
  152  10:18  Overlord  
  152  10:22  Overlord  
  152  10:26  Overlord  
  152  10:32  Extractor  
  152  10:33  Mutalisk x6  
  156  10:36  Extractor  
  147  10:44  Zergling x18  
  147  10:48  Overlord  
  156  10:53  Pneumatized Carapace  
  155  11:02  Zergling x8  
  155  11:03  Overlord  
  155  11:04  Baneling x14  
  159  11:09  Baneling x3  
  159  11:10  Baneling x14, Drone x3  
  159  11:11  Drone x3  
  163  11:12  Drone x3  
  163  11:14  Zerg Flyer Weapons Level 2  
  163  11:15  Zerg Melee Weapons Level 2  
  163  11:17  Zergling x4  
  170  11:19  Zergling x2  
  170  11:20  Zergling x2  
  170  11:23  Zergling x4  
  174  11:28  Unknown, Zergling x2  
  163  11:33  Zergling x2  
  163  11:43  Mutalisk x6  
  169  11:53  Zergling x2  
  164  11:56  Mutalisk x3  
  164  11:57  Zergling x2  
  164  11:58  Zergling x16  
  164  11:59  Zergling x2  
  180  12:06  Mutalisk x3  
  186  12:11  Zergling x4  
  186  12:13  Zergling x2  
  189  12:20  Zergling x12  
  192  12:43  Mutalisk  
  192  12:50  Zergling x24  
  192  12:51  Zergling x2  
  200  12:52  Baneling x14  
  200  12:53  Baneling x12  
  199  12:58  Zergling x2  
  199  13:00  Mutalisk  
  199  13:01  Mutalisk  
  199  13:02  Mutalisk x2  
  199  13:03  Mutalisk  
  189  13:09  Mutalisk  
  189  13:11  Mutalisk  
  189  13:12  Mutalisk  
  180  13:15  Mutalisk x2  
  169  13:22  Mutalisk x2  
  169  13:24  Mutalisk  
  161  13:28  Drone  
  161  13:29  Drone  
  161  13:32  Mutalisk  
  159  13:35  Mutalisk  
  159  13:40  Mutalisk  
  154  13:43  Mutalisk  
  154  13:48  Drone  
  155  13:51  Mutalisk  
  155  13:52  Zergling x8  
  161  13:57  Overseer x2  
  161  14:00  Mutalisk  
  161  14:02  Mutalisk  
  165  14:04  Zergling x2  
  165  14:05  Zergling x2  
  165  14:08  Mutalisk  
  162  14:18  Mutalisk x2  
  162  14:21  Zergling x4  
  160  14:25  Zergling x4  
  160  14:26  Zergling x4  
  160  14:27  Zergling x2  
Show
View Real Time Build Order
Export as new Build Order

LiquidTLO Zerg 

Build Orders: Hatch First, Lurkers 

Get SALT Encoding   

  12  0:00  Drone  
  13  0:13  Overlord  
  13  0:17  Drone  
  14  0:32  Drone x2  
  16  0:36  Drone  
  17  0:52  Hatchery  
  17  0:55  Drone  
  17  1:07  Spawning Pool  
  16  1:11  Drone  
  16  1:13  Extractor  
  16  1:15  Drone  
  17  1:19  Drone  
  18  1:31  Overlord  
  18  1:48  Drone  
  18  1:54  Queen  
  19  1:55  Zergling x2  
  19  2:01  Drone  
  23  2:04  Queen  
  23  2:05  Drone  
  26  2:12  Drone  
  27  2:16  Metabolic Boost  
  27  2:18  Drone  
  27  2:22  Drone  
  29  2:26  Drone  
  30  2:35  Drone  
  31  2:40  Hatchery  
  30  2:45  Baneling Nest  
  30  2:49  Overlord  
  29  2:52  Drone  
  29  2:54  Zergling x2  
  31  2:59  Zergling x4  
  31  3:03  Drone  
  34  3:09  Drone x3  
  37  3:14  Queen  
  37  3:19  Drone  
  40  3:23  Drone  
  40  3:24  Overlord  
  41  3:30  Drone x2  
  42  3:34  Zergling x2  
  42  3:36  Baneling x2  
  43  3:42  Overlord  
  43  3:43  Zergling x2  
  43  3:44  Overlord  
  43  3:45  Baneling  
  43  3:46  Drone  
  46  3:48  Drone  
  46  3:50  Baneling x2  
  46  3:55  Extractor  
  45  3:57  Drone  
  45  3:58  Evolution Chamber  
  45  3:59  Queen  
  45  4:02  Drone  
  48  4:03  Drone  
  48  4:06  Drone x2  
  51  4:12  Roach Warren  
  51  4:13  Drone  
  51  4:15  Zergling x2  
  52  4:18  Drone x2  
  52  4:23  Drone  
  54  4:24  Extractor  
  54  4:26  Zerg Missile Weapons Level 1  
  54  4:28  Drone  
  54  4:29  Drone  
  55  4:36  Drone x2  
  55  4:37  Extractor  
  56  4:39  Drone x4  
  56  4:42  Drone  
  56  4:44  Drone x2  
  62  4:48  Drone  
  62  4:49  Drone x2  
  65  4:53  Drone  
  65  4:55  Lair  
  65  4:59  Overlord  
  66  5:00  Drone  
  66  5:04  Spore Crawler  
  66  5:07  Spore Crawler  
  66  5:09  Spore Crawler x2  
  66  5:14  Drone x2, Spore Crawler  
  65  5:16  Drone  
  65  5:19  Roach  
  65  5:20  Spore Crawler  
  66  5:22  Roach  
  66  5:24  Drone x2  
  66  5:25  Drone  
  71  5:29  Drone x2  
  71  5:31  Drone x2  
  71  5:34  Drone x2  
  76  5:38  Roach, Extractor x2  
  76  5:41  Roach  
  78  5:44  Drone  
  78  5:45  Spore Crawler  
  78  5:46  Overlord  
  78  5:49  Drone  
  79  5:51  Roach  
  79  5:52  Overlord  
  79  5:54  Glial Reconstitution  
  79  5:55  Overlord  
  81  5:58  Overlord  
  80  6:05  Roach  
  80  6:10  Roach x2  
  80  6:11  Drone x2  
  87  6:12  Overlord  
  87  6:13  Roach  
  87  6:14  Roach x2  
  87  6:16  Roach  
  95  6:21  Drone, Hydralisk Den  
  95  6:22  Zerg Missile Weapons Level 2  
  95  6:24  Drone  
  96  6:29  Drone  
  96  6:30  Drone  
  96  6:32  Drone  
  97  6:33  Drone  
  97  6:38  Drone  
  97  6:39  Drone, Roach x2  
  104  6:41  Roach, Overseer  
  104  6:43  Roach  
  108  6:51  Overlord x3  
  108  6:55  Muscular Augments, Lurker Den  
  108  6:59  Pneumatized Carapace  
  106  7:06  Overlord  
  106  7:08  Overlord  
  105  7:10  Baneling x2, Hydralisk x3  
  105  7:11  Hydralisk  
  105  7:14  Roach x2  
  105  7:15  Unknown x2, Roach  
  119  7:18  Roach  
  119  7:19  Roach  
  119  7:20  Roach  
  119  7:22  Drone  
  124  7:25  Hydralisk x2  
  124  7:29  Zergling x4  
  130  7:30  Zergling x4  
  130  7:33  Zergling x2  
  130  7:34  Zergling x2  
  130  7:36  Overlord  
  134  7:40  Roach x2  
  134  7:41  Roach x2  
  134  7:44  Overlord  
  142  7:49  Baneling x4  
  142  7:50  Overlord x2  
  142  7:53  Overlord  
  142  7:56  Spore Crawler  
  142  7:57  Overlord  
  141  7:59  Overlord  
  141  8:01  Overlord  
  141  8:09  Roach x2  
  141  8:19  Hydralisk  
  124  8:20  Hydralisk x2  
  124  8:21  Hydralisk  
  124  8:22  Roach, Hydralisk  
  134  8:28  Roach  
  134  8:31  Drone  
  134  8:32  Drone  
  121  8:34  Roach x2  
  121  8:35  Hydralisk x2  
  121  8:38  Zerg Ground Armor Level 1  
  121  8:39  Hydralisk  
  121  8:42  Hydralisk  
  119  8:51  Unknown  
  119  8:52  Lurker  
  119  8:53  Drone x2  
  119  8:54  Extractor  
  119  8:55  Roach  
  121  8:58  Spine Crawler  
  121  8:59  Spore Crawler  
  119  9:03  Lurker  
  119  9:05  Roach, Queen  
  119  9:06  Queen  
  126  9:12  Roach x2  
  126  9:14  Hydralisk  
  132  9:19  Overlord  
  132  9:20  Hydralisk  
  132  9:23  Overseer  
  134  9:33  Roach  
  134  9:37  Roach  
  138  9:38  Roach  
  138  9:39  Roach  
  138  9:40  Roach  
  138  9:41  Roach x2  
  138  9:44  Roach x2  
  151  9:46  Hatchery  
  151  9:47  Roach  
  151  9:49  Roach  
  152  9:53  Hydralisk  
  154  10:01  Hydralisk x2  
  158  10:09  Lurker  
  158  10:10  Lurker  
  160  10:16  Drone  
  160  10:18  Hatchery, Infestation Pit  
  160  10:19  Hydralisk  
  161  10:22  Roach  
  161  10:23  Hydralisk  
  161  10:26  Hydralisk  
  167  10:29  Hydralisk  
  167  10:34  Hydralisk  
  169  10:40  Drone  
  169  10:41  Drone  
  159  10:48  Overlord  
  159  10:49  Drone  
  160  10:51  Hatchery  
  160  10:53  Drone  
  160  10:55  Drone  
  161  10:57  Lurker  
  161  10:58  Drone  
  161  11:01  Drone  
  161  11:03  Spore Crawler  
  161  11:07  Spore Crawler  
  161  11:08  Drone  
  161  11:09  Lurker  
  162  11:19  Hive  
  162  11:21  Drone  
  162  11:24  Hydralisk  
  165  11:30  Hydralisk  
  165  11:37  Lurker  
  166  11:41  Drone  
  166  11:45  Drone  
  158  11:48  Drone  
  158  11:49  Hydralisk  
  147  11:56  Hydralisk  
  146  12:07  Hydralisk  
  142  12:09  Drone  
  142  12:12  Hydralisk  
  144  12:23  Hydralisk x2  
  148  12:30  Hydralisk  
  148  12:33  Hydralisk  
  148  12:39  Queen  
  148  12:45  Drone, Hydralisk  
  147  12:53  Drone  
  147  12:55  Drone, Hydralisk  
  142  12:59  Drone x2  
  142  13:04  Drone  
  142  13:05  Drone x2  
  145  13:07  Drone  
  145  13:08  Drone  
  145  13:12  Drone  
  142  13:16  Drone  
  142  13:18  Drone  
  142  13:19  Drone  
  129  13:27  Hydralisk  
  111  13:29  Drone  
  104  13:39  Drone  
  104  13:40  Drone  
  104  13:41  Spore Crawler  
  69  13:46  Spore Crawler  
  68  13:48  Drone  
  68  13:55  Spore Crawler  
  66  13:56  Spore Crawler  
  66  13:57  Spore Crawler  
  66  13:58  Drone  
  66  14:01  Drone  
  65  14:10  Drone x2  
  65  14:11  Drone  
  66  14:21  Drone  
Tags
 
Add a new tag
Caveats
  • Supply blocks, unpowered buildings, or Contaminate may cause inaccurate times.
  • Supply counts are checked every 10 seconds.